Map: Triton LE

Players

pHARM

  • Race: Terran Terran
  • League: Platinum
  • Spawn Location: 5:00

Romeo - Winner!

  • Race: Protoss Protoss
  • League: Platinum
  • Spawn Location: 11:00

VOD

Have the link to the VOD?

Description

Time

  • Played on: Aug. 29, 2019, 7:40 p.m.
  • Length: 14:06
Show
View Real Time Build Order
Export as new Build Order

pHARM Terran 

Build Orders: Mech 

Get SALT Encoding   

  12  0:00  SCV  
  13  0:13  SCV  
  14  0:17  Supply Depot  
  14  0:25  SCV  
  15  0:38  SCV  
  16  0:43  Barracks  
  16  0:50  SCV  
  17  1:02  SCV  
  18  1:11  Refinery  
  18  1:14  SCV  
  19  1:27  SCV  
  19  1:30  Supply Depot  
  20  1:33  Bunker  
  20  1:34  Marine  
  21  1:58  Orbital Command  
  21  2:11  Command Center  
  21  2:15  Marine  
  22  2:35  SCV  
  23  2:40  Command Center  
  23  2:47  SCV  
  23  2:49  Barracks Tech Lab  
  23  2:50  Factory  
  24  3:00  SCV  
  24  3:02  Refinery  
  25  3:21  SCV  
  25  3:23  Orbital Command, Engineering Bay  
  26  3:33  SCV  
  27  3:46  SCV  
  28  3:48  Siege Tank  
  31  3:58  SCV, Missile Turret  
  31  4:00  SCV x2, Missile Turret  
  34  4:10  SCV  
  34  4:12  SCV  
  34  4:13  Orbital Command  
  36  4:22  SCV  
  37  4:24  SCV  
  37  4:26  Siege Tank  
  41  4:34  SCV  
  41  4:38  Factory  
  42  4:42  Factory  
  42  4:47  Armory, SCV x2  
  42  4:48  SCV  
  45  4:53  Refinery  
  45  4:57  Refinery  
  45  4:59  SCV x2  
  47  5:00  SCV  
  48  5:08  Siege Tank  
  48  5:11  SCV x2  
  48  5:12  SCV  
  54  5:23  SCV  
  54  5:24  SCV x2  
  57  5:35  Orbital Command  
  57  5:36  SCV x2  
  59  5:48  SCV  
  56  6:09  Factory Tech Lab  
  56  6:10  Factory Tech Lab  
  56  6:13  Supply Depot  
  56  6:14  Supply Depot  
  56  6:22  Missile Turret  
  56  6:29  SCV x3  
  59  6:34  Thor  
  65  6:41  SCV x2  
  67  6:53  SCV x3  
  70  6:57  Thor  
  70  6:59  Missile Turret  
  70  7:01  Missile Turret  
  76  7:04  Thor  
  82  7:09  Supply Depot  
  82  7:15  Refinery, SCV x3  
  84  7:17  Factory, Thor  
  84  7:21  Missile Turret  
  91  7:27  SCV x2  
  93  7:30  SCV  
  94  7:39  SCV  
  94  7:40  Thor  
  101  7:44  Refinery  
  101  7:49  Command Center  
  101  7:59  Supply Depot  
  101  8:00  Supply Depot  
  101  8:01  Supply Depot  
  101  8:04  Thor, SCV x2  
  109  8:05  Hi-Sec Auto Tracking  
  109  8:07  Factory Reactor  
  109  8:17  Supply Depot  
  109  8:20  Thor  
  109  8:21  SCV  
  109  8:24  Supply Depot  
  109  8:25  Supply Depot x2  
  116  8:27  Supply Depot  
  116  8:39  Thor  
  122  8:47  Supply Depot  
  122  8:50  Supply Depot  
  122  8:52  Supply Depot x2, Thor  
  128  9:03  Thor  
  134  9:19  Hellbat x2  
  134  9:22  Thor  
  144  9:31  SCV x2  
  144  9:32  SCV  
  147  9:40  Thor  
  147  9:41  Command Center  
  147  9:43  SCV  
  147  9:44  Hellbat x2  
  158  9:46  Thor  
  164  9:55  SCV x3  
  164  9:57  Orbital Command  
  167  10:04  Missile Turret  
  167  10:06  Missile Turret  
  168  10:07  Missile Turret, SCV  
  168  10:10  Missile Turret  
  168  10:12  SCV x2  
  168  10:13  Hellion x4  
  168  10:14  Refinery  
  170  10:15  Refinery  
  170  10:16  Thor  
  170  10:18  Hellbat x2  
  170  10:19  SCV  
  181  10:23  Thor  
  181  10:24  SCV  
  188  10:29  Armory  
  188  10:48  Thor  
  194  10:53  Hellion  
  194  10:54  Hellion  
  198  11:54  Factory  
  198  12:07  Factory  
  196  12:13  Thor x16  
  184  12:50  Barracks  
Show
View Real Time Build Order
Export as new Build Order

Romeo Protoss - Winner!

Build Orders: Carriers 

Get SALT Encoding   

  12  0:10  Probe  
  13  0:45  Probe  
  13  0:49  Pylon  
  14  0:50  Assimilator  
  14  0:58  Pylon  
  14  1:09  Nexus  
  14  1:14  Probe  
  15  1:22  Probe  
  15  1:31  Probe  
  16  1:35  Gateway  
  17  1:43  Probe  
  18  1:55  Probe  
  19  2:07  Probe, Assimilator  
  20  2:19  Probe  
  20  2:22  Cybernetics Core, Probe  
  22  2:30  Probe  
  22  2:31  Probe  
  24  2:40  Probe  
  24  2:43  Probe  
  26  2:52  Pylon, Probe  
  26  2:55  Probe  
  28  3:01  Stargate  
  28  3:03  Stargate  
  28  3:04  Probe  
  29  3:07  Probe  
  30  3:20  Probe  
  30  3:24  Assimilator  
  30  3:26  Assimilator  
  31  3:32  Probe  
  32  3:34  Probe  
  33  3:44  Probe  
  33  3:46  Probe  
  33  3:48  Void Ray x2  
  43  4:12  Probe  
  44  4:22  Probe  
  44  4:28  Pylon  
  44  4:29  Probe  
  44  4:30  Probe  
  45  4:31  Pylon  
  45  4:37  Probe, Void Ray  
  51  4:38  Probe  
  51  4:45  Shield Battery x2  
  53  4:46  Void Ray  
  53  4:47  Shield Battery, Probe  
  53  4:50  Probe  
  59  4:59  Probe  
  60  5:02  Probe  
  60  5:04  Protoss Air Weapons Level 1, Cybernetics Core  
  60  5:05  Pylon  
  61  5:12  Void Ray  
  61  5:15  Probe  
  61  5:18  Void Ray  
  66  5:29  Pylon  
  70  6:04  Nexus  
  70  6:07  Pylon  
  70  6:09  Pylon  
  70  6:12  Assimilator  
  70  6:15  Assimilator  
  70  6:16  Void Ray x2  
  70  6:18  Pylon  
  78  6:22  Protoss Air Armor Level 1  
  78  6:28  Fleet Beacon  
  78  6:32  Pylon  
  78  6:35  Pylon  
  78  6:51  Warp Gate  
  78  7:00  Stargate  
  78  7:09  Probe  
  78  7:13  Probe  
  78  7:14  Carrier x2  
  79  7:21  Probe x2  
  94  7:31  Probe  
  94  7:33  Probe  
  96  7:43  Pylon  
  96  7:51  Probe  
  97  7:54  Probe  
  98  8:02  Carrier  
  98  8:03  Probe  
  105  8:06  Probe  
  106  8:13  Carrier x2  
  106  8:15  Probe  
  106  8:18  Probe  
  106  8:19  Forge  
  120  8:27  Probe  
  120  8:28  Mothership  
  120  8:30  Probe  
  120  8:34  Protoss Air Weapons Level 2  
  122  8:39  Probe  
  123  8:45  Protoss Shields Level 1  
  131  8:51  Probe  
  132  9:00  Nexus  
  132  9:02  Pylon  
  132  9:06  Pylon  
  132  9:09  Assimilator  
  132  9:11  Assimilator  
  132  9:17  Protoss Air Armor Level 2  
  132  9:21  Pylon  
  132  9:36  Carrier  
  138  9:40  Carrier  
  144  9:59  Probe x2  
  146  10:11  Probe x2  
  148  10:23  Probe x2  
  148  10:27  Probe  
  151  10:29  Carrier  
  157  10:39  Probe  
  157  10:40  Carrier  
  164  10:44  Pylon, Carrier  
  164  10:45  Shield Battery  
  164  10:47  Shield Battery  
  164  10:49  Shield Battery x2  
  170  10:51  Probe  
  170  10:53  Photon Cannon x2  
  170  10:55  Photon Cannon  
  170  10:56  Photon Cannon  
  171  11:00  Photon Cannon  
  171  11:01  Shield Battery  
  171  11:03  Pylon, Probe  
  172  11:14  Probe  
  173  11:22  Probe  
  173  11:30  Probe  
  173  11:35  Carrier  
  180  11:41  Stargate  
  180  11:42  Stargate, Probe  
  180  11:44  Stargate, Carrier  
  180  11:46  Pylon  
  187  11:47  Pylon  
  187  11:49  Shield Battery, Carrier  
  187  11:50  Shield Battery  
  187  12:11  Nexus  
  185  12:59  Pylon  
  185  13:00  Pylon x2  
  185  13:03  Pylon  
  185  13:17  Tempest x3  
Tags
 
Composition
CarriersMech
Matchup
PvT
Replay Pack
10.7.19
Spawn Locations
Cross Positions
Add a new tag
Caveats
  • Supply blocks, unpowered buildings, or Contaminate may cause inaccurate times.
  • Supply counts are checked every 10 seconds.